Cogmind - Beta 13 X1 @@@ ROGUE MODE // 2023.06.28 @ 20:41:33 Player: Terminus Result: Destroyed by P-80 Master with Gamma Rifle Performance ------------- Evolutions (8) 4000 Regions Visited (28) 5600 Robots Destroyed (500) 2500 Value Destroyed (27805) 27805 Prototype IDs (84) 1680 Alien Tech Used (10) 2000 Bonus (11485) 11485 TOTAL SCORE: 55070 Bonus ------- High Alert Combat Kills 4831 Follower Combat Kills 2135 Network Hubs Disabled 200 Met Data Miner 300 Met Imprinter 300 Met Zhirov 300 A7 Reached Mainframe 300 Used Core Reset Matrix 3000 Scanned by Researcher 500 Pursued by Intercept 500 Friendly Fire -881 Cogmind --------- Core Integrity 0/1450 Matter 253/300 Energy 520/520 System Corruption 30% Temperature Warm (182) Movement Walking (186) Ox1 Location -2/Section 7 Parts ------- > --- POWER (3) -------- Particle Reactor Light Quantum Reactor Light Quantum Reactor > --- PROPULSION (5) --- Myomer Leg Myomer Leg Myomer Leg Enhanced Biometal Leg Centrium Leg > --- UTILITY (12) ----- Advanced Heat Sink High-capacity Storage Unit Experimental Targeting Computer Experimental Targeting Computer Experimental Core Analyzer Advanced Weapon Cycler SHELL Armor Improved Hacking Suite Experimental Hacking Suite > --- WEAPON (3) ------- Sigix Sheargun Sigix Sheargun Sigix Sheargun > --- INVENTORY (20) --- Light Quantum Reactor Light Quantum Reactor Light Quantum Reactor Myomer Leg Experimental Power Amplifier Advanced Heat Sink Advanced Energy Well (500) Heavy Servo Lattice Microwarp Drive Phase Gun Phase Gun Quantum Rifle Sigix Sheargun Null Cannon CR-A16's Behemoth Slayer Peak State ------------ > --- POWER ------------ Improved Quantum Reactor Vortex Chain Reactor > --- PROPULSION ------- Light Armored Exoskeleton Biometal Leg Enhanced Biometal Leg High-density Centrium Leg > --- UTILITY ---------- High-capacity Storage Unit Advanced Signal Interpreter Experimental Targeting Computer Experimental Core Analyzer Advanced Weapon Cycler Advanced Transmission Jammer SHELL Armor Experimental EM Disruption Field Improved Hacking Suite Experimental Hacking Suite > --- WEAPON ----------- Enhanced Nova Cannon Enhanced Nova Cannon Null Cannon > --- INVENTORY -------- Vortex Chain Reactor Centrium Leg Experimental Power Amplifier Advanced Energy Well Advanced Sensor Array Experimental Targeting Computer Particle Accelerator Heavy Servo Lattice Experimental Phase Shifter Gun Armor Transdimensional Reconstructor Transdimensional Reconstructor High-powered Transdimensional Reconstructor Subatomic Replicator Microwarp Drive Compact HERF Cannon Hypervelocity Multirail CR-A16's Behemoth Slayer [Rating: 205] Favorites ----------- Power Cold Fusion Reactor Engine Heavy Deuterium Engine Power Core Neutrino Core Reactor Cold Fusion Reactor Propulsion Light Armored Exoskeleton Treads Spiked Treads Leg Light Armored Exoskeleton Utility High-capacity Storage Unit Device Advanced Sensor Array Storage High-capacity Storage Unit Processor Core Analyzer Hackware Improved Hacking Suite Protection Improved Medium Armor Plating Artifact Microwarp Drive Weapon Cooled Particle Cannon Energy Gun Advanced Beam Rifle Energy Cannon Cooled Particle Cannon Ballistic Gun Assault Rifle Launcher Heavy Rocket Launcher Special Weapon Enhanced Flamer Impact Weapon Flail Piercing Weapon Spear Special Melee Weapon Datajack Build | -11 -10 -10 -8 -7 -7 -7 -7 -6 -6 -6 -6 -6 -5 -5 -5 -5 -5 -5 -4 -4 -4 -4 -3 -3 -3 -2 -2 -2 ------- Run | Jun Mat Sub Mat Fac Low Low Dat Pro Fac Low Low Zio Pro Fac Ext Cet Arc Hub Fac Upp Upp Zhi Pro Res Tes Res Qua Sec Slots Evolved 16 | . . . 4 2 . . . . 2 . . . . 2 . . . . 2 . . . . 2 . 2 . . Power 2 | . . . . . . . . . 1 . . . . . . . . . . . . . . 1 . . . . Propulsion 3 | . . . 1 . . . . . 1 . . . . . . . . . 1 . . . . . . . . . Utility 10 | . . . 2 2 . . . . . . . . . 2 . . . . 1 . . . . 1 . 2 . . Weapon 1 | . . . 1 . . . . . . . . . . . . . . . . . . . . . . . . . Parts Attached 638 | 7 7 30 31 37 15 5 9 2 39 4 10 9 4 28 16 12 9 20 32 7 10 9 26 17 82 26 52 83 Power 53 | 1 1 2 3 1 . . . . 2 . 1 . . 2 2 . 5 1 4 . 1 . 3 4 4 2 5 9 Engine 9 | 1 1 2 3 1 . . . . 1 . . . . . . . . . . . . . . . . . . . Core 7 | . . . . . . . . . . . . . . 1 2 . 1 1 2 . . . . . . . . . Reactor 37 | . . . . . . . . . 1 . 1 . . 1 . . 4 . 2 . 1 . 3 4 4 2 5 9 Propulsion 59 | 3 . 5 9 3 . . 1 . 2 . . . . 7 . . . 2 4 1 . 2 . 1 8 1 3 7 Treads 14 | 3 . 5 6 . . . . . . . . . . . . . . . . . . . . . . . . . Leg 45 | . . . 3 3 . . 1 . 2 . . . . 7 . . . 2 4 1 . 2 . 1 8 1 3 7 Wheel . | . . . . . . . . . . . . . . . . . . . . . . . . . . . . . Hover . | . . . . . . . . . . . . . . . . . . . . . . . . . . . . . Flight . | . . . . . . . . . . . . . . . . . . . . . . . . . . . . . Utility 326 | 1 3 4 10 19 7 3 1 2 25 4 7 1 . 17 10 8 4 15 19 6 4 3 14 11 40 18 25 45 Device 226 | . 1 2 4 9 5 1 . 2 17 2 6 1 . 12 2 2 2 13 15 5 2 2 7 8 27 17 25 37 Storage 7 | 1 2 . 1 . . . . . . . . . . . 1 . . 1 . . . . . . 1 . . . Processor 13 | . . . . 2 . 1 . . . . . . . 2 . . . . 1 . . . 1 1 2 . . 3 Hackware 8 | . . . . 1 . . . . . . . . . 2 1 . 2 . . . . . 1 . 1 . . . Protection 71 | . . 2 5 7 2 1 1 . 8 2 1 . . 1 6 6 . 1 3 1 2 1 5 2 9 1 . 4 Artifact 1 | . . . . . . . . . . . . . . . . . . . . . . . . . . . . 1 Weapon 200 | 2 3 19 9 14 8 2 7 . 10 . 2 8 4 2 4 4 . 2 5 . 5 4 9 1 30 5 19 22 Energy Gun 49 | . . . 7 8 . . . . . . . . . . . . . . . . . . 2 1 16 2 4 9 Energy Cannon 86 | . . 12 . 3 4 1 3 . 10 . 1 6 2 1 2 1 . 1 4 . 3 3 4 . 4 2 10 9 Ballistic Gun 20 | 2 2 1 . . . . . . . . . . . . . . . . . . . . . . 8 1 3 3 Ballistic Cannon . | . . . . . . . . . . . . . . . . . . . . . . . . . . . . . Launcher 27 | . 1 4 2 3 2 1 . . . . 1 . 2 1 1 1 . . . . 2 . 2 . 2 . 1 1 Special Weapon 6 | . . . . . . . 3 . . . . 1 . . . 2 . . . . . . . . . . . . Impact Weapon 3 | . . . . . 2 . . . . . . . . . . . . . . . . . . . . . 1 . Slashing Weapon . | . . . . . . . . . . . . . . . . . . . . . . . . . . . . . Piercing Weapon 7 | . . . . . . . 1 . . . . 1 . . 1 . . 1 1 . . 1 1 . . . . . Special Melee Weapon 2 | . . 2 . . . . . . . . . . . . . . . . . . . . . . . . . . Unidentified Prototypes 54 | . . . 3 3 . . . . 3 . . 1 . 1 1 3 1 . . . . 3 . 2 20 1 8 4 Corrupted Parts 1 | . . . . . . . . . . . . . . . . . . . . . . . . . . . 1 . System Corruption 5 | . . . . . . . . . . . . . . . . . . . . . . . . . . . 5 . Parts Lost 59 | . . 2 1 . . 1 2 . 2 . 2 . . . 1 . . 2 6 1 2 . 8 2 1 2 7 17 Power 17 | . . 1 . . . . . . . . 1 . . . . . . . 3 . 1 . 3 . . 2 2 4 Propulsion 6 | . . . . . . . . . . . . . . . . . . . . 1 . . . 1 . . 1 3 Utility 18 | . . 1 1 . . 1 . . . . 1 . . . 1 . . 2 . . . . 1 1 1 . 1 7 Weapon 18 | . . . . . . . 2 . 2 . . . . . . . . . 3 . 1 . 4 . . . 3 3 Highest Loss Streak 7 | . . 1 1 . . 1 1 . 1 . 2 . . . 1 . . 2 3 1 1 . 5 1 1 1 2 7 To Critical Strikes 4 | . . . . . . . . . . . . . . . . . . . . 1 . . . . . . 2 1 Average Slot Usage (%) 87 | . 97 89 96 96 91 92 84 92 85 85 85 82 86 87 87 88 88 87 85 88 88 74 88 89 84 78 78 81 Engine 4 | . 14 13 9 7 7 7 7 7 6 6 . . . . . . . . . . . . . . . . . . Reactor 5 | . . . . . . . . . 5 6 12 13 13 10 6 5 8 5 4 5 4 5 7 14 13 13 12 8 Treads 4 | . 28 28 22 . . . . . . . . . . . . . . . . . . . . . . . . . Leg 11 | . . . 3 19 15 15 15 15 12 13 13 13 13 10 11 11 11 11 11 15 15 15 15 13 13 13 14 17 Device 9 | . 12 5 9 13 14 14 10 14 10 6 5 6 6 5 4 4 5 5 14 14 11 9 9 17 17 8 7 11 Storage 5 | . 14 3 9 7 7 7 7 7 6 6 6 6 6 5 5 5 5 5 5 5 5 5 5 4 4 4 4 4 Processor 11 | . . . . 10 15 15 15 15 13 13 13 13 13 16 17 17 17 15 11 15 15 15 15 14 14 13 13 13 Hackware 6 | . . . . 6 7 7 7 7 6 6 6 6 6 11 11 11 11 11 10 10 10 10 8 4 5 8 8 8 Protection 4 | . . 9 14 5 . . 4 . 1 5 6 6 6 4 5 5 5 5 4 . 3 5 6 5 . 4 4 3 Energy Gun 3 | . . . 23 21 1 . . . . . . . . . . . . . . . . . 4 12 10 9 3 2 Energy Cannon 13 | . . 22 3 1 20 22 5 23 19 20 19 16 19 16 16 15 17 16 14 15 14 1 10 1 . 2 7 8 Ballistic Gun 1 | . 27 4 . . . . . . . . . . . . . . . . . . . . . . 2 . . . Naked Turns . | . . . . . . . . . . . . . . . . . . . . . . . . . . . . . Heaviest Build 167 | 14 50 62 80 72 84 78 84 84 102 93 93 94 93 97 102 103 107 104 113 111 111 107 109 150 146 161 165 167 Greatest Support 135 | 40 40 40 60 50 50 50 50 50 60 60 60 60 60 78 78 78 78 78 103 103 103 110 110 110 112 112 117 135 Greatest Overweight (x) 3 | 1 1 1 1 1 1 1 1 1 1 1 1 1 1 3 1 1 1 1 1 1 1 1 . 1 1 1 1 1 Average Overweight (x) . | . . . . 1 1 1 1 1 1 1 1 1 1 1 1 1 1 1 1 1 . . . 1 . 1 1 . Largest Inventory Capacity 20 | 8 20 20 20 20 20 20 20 20 20 20 20 20 20 20 20 20 20 20 20 20 20 20 20 20 20 20 20 20 Average Capacity 18 | 6 15 8 20 20 20 20 20 20 20 20 20 20 20 20 20 20 20 20 20 20 20 20 20 20 20 20 20 20 Most Carried 20 | 2 14 20 20 20 20 20 20 18 20 20 20 20 20 20 20 20 20 20 20 20 20 20 20 20 20 20 20 20 Average Carried 17 | 1 10 8 18 19 19 19 18 18 19 19 19 19 20 19 19 20 20 19 19 19 19 19 18 17 19 19 19 18 Final Capacity 20 | 8 20 5 20 20 20 20 20 20 20 20 20 20 20 20 20 20 20 20 20 20 20 20 20 20 20 20 20 20 Final Carried 20 | 2 14 5 20 20 20 20 18 18 20 20 20 20 20 20 20 20 20 20 20 20 20 20 16 20 20 20 20 16 Class Distribution -------------------- 33% | Skirmisher 13% | Hacker-Gunner 10% | Scavenger-Gunner 10% | Scavenger-Mutant 6% | Subdweller-Mutant 6% | Mutant 4% | Hacker-Mutant 3% | Scavenger-Skirmisher 3% | Tank Dominant Class ---------------- Mutant | -10/Materials Subdweller-Mutant | -10/Subcaves Tank | -8/Materials Scavenger-Skirmisher | -7/Factory Skirmisher | -7/Lower Caves Skirmisher | -7/Lower Caves Mutant | -7/Data Miner Skirmisher | -6/Proximity Caves Skirmisher | -6/Factory Skirmisher | -6/Lower Caves Skirmisher | -6/Lower Caves Skirmisher | -6/Zion Skirmisher | -5/Proximity Caves Hacker-Gunner | -5/Factory Hacker-Gunner | -5/Extension Hacker-Gunner | -5/Cetus Hacker-Gunner | -5/Archives Hacker-Gunner | -5/Hub_04(d) Hacker-Skirmisher | -4/Factory Scavenger-Gunner | -4/Upper Caves Scavenger-Gunner | -4/Upper Caves Scavenger-Mutant | -4/Zhirov Scavenger-Gunner | -3/Proximity Caves Scavenger-Gunner | -3/Research Scavenger-Mutant | -3/Testing Hacker-Gunner | -2/Research Scavenger-Mutant | -2/Quarantine Scavenger-Mutant | -2/Section 7 Resources | -11 -10 -10 -8 -7 -7 -7 -7 -6 -6 -6 -6 -6 -5 -5 -5 -5 -5 -5 -4 -4 -4 -4 -3 -3 -3 -2 -2 -2 ----------- Run | Jun Mat Sub Mat Fac Low Low Dat Pro Fac Low Low Zio Pro Fac Ext Cet Arc Hub Fac Upp Upp Zhi Pro Res Tes Res Qua Sec Matter Collected 10043 | 225 457 846 356 410 345 142 98 126 392 95 192 68 12 367 185 158 90 192 373 112 268 83 474 173 1530 292 662 1320 Remotely . | . . . . . . . . . . . . . . . . . . . . . . . . . . . . . Salvage Created 27460 | . 420 825 1622 1127 254 147 . 13 1810 121 383 . 70 429 608 171 92 1028 1754 434 340 93 846 379 4163 2090 2889 5352 Parts 1205 | . 42 61 78 45 11 3 . 3 66 5 12 . 6 29 26 9 6 35 68 14 18 2 27 18 190 93 109 229 Haulers Intercepted 25 | . 2 . 6 1 . . . . 5 . . . . 1 . . . 1 . . . . . . 4 2 2 1 Recyclers Shooed 8 | . 1 . 1 . . . . . 2 . . . . . 1 . . 3 . . . . . . . . . . Parts Field Recycled . | . . . . . . . . . . . . . . . . . . . . . . . . . . . . . Retrieved Matter . | . . . . . . . . . . . . . . . . . . . . . . . . . . . . . Parts Self-Destructed 121 | . . 15 . . 9 8 . 17 . 6 13 . 4 . . . . . . 12 12 2 23 . . . . . Prevented 4 | . . . . . . . . . . . . . . . . . . . . 4 . . . . . . . . Kills | -11 -10 -10 -8 -7 -7 -7 -7 -6 -6 -6 -6 -6 -5 -5 -5 -5 -5 -5 -4 -4 -4 -4 -3 -3 -3 -2 -2 -2 ------- Run | Jun Mat Sub Mat Fac Low Low Dat Pro Fac Low Low Zio Pro Fac Ext Cet Arc Hub Fac Upp Upp Zhi Pro Res Tes Res Qua Sec Combat Hostiles Destroyed 402 | . 13 21 24 23 8 3 . 1 21 2 8 . 5 8 11 7 . 12 23 6 11 . 16 5 49 24 36 65 Melee 1 | . . . . . . . . . . . . . . . . . . . . . . . . . 1 . . . Guns 135 | . 10 2 15 16 . . . . . . . . . . . . . . . . . . 1 3 43 15 3 27 Cannons 160 | . . 11 1 . 2 2 . 1 15 2 4 . 1 5 3 3 . 9 19 6 3 . 12 . 3 8 24 26 AOE 62 | . 3 8 5 5 6 1 . . . . 3 . 4 3 5 4 . . . . 8 . 2 . . . 1 4 Classes Destroyed 28 | . 4 4 4 3 . . . 1 1 . 1 . . . . . . . 1 . 1 . . . 3 1 2 2 Worker 13 | . . . 1 1 . . . . 3 . . . . 1 . . . . 1 . . . . . 3 2 1 . Builder 5 | . . . . . . . . . . . . . . . . . . . 1 . . . . . . . 2 2 Hauler 25 | . 2 . 6 1 . . . . 5 . . . . 1 . . . 1 . . . . . . 4 2 2 1 Recycler 5 | . . . 3 . . . . . . . . . . . . . . 1 1 . . . . . . . . . Carrier 2 | . . . . . . . . . . . . . . . . . . . . . . . . . . . 2 . Mechanic 4 | . . . 1 . . . . . . . . . . . . . . . . . . . . . 1 . 2 . Operator 8 | . . . . 2 . . . . . . . . . . . . 3 . . . . . . . 1 . 1 1 Drone 1 | . . . . . . . . 1 . . . . . . . . . . . . . . . . . . . . Turret 2 | . . 2 . . . . . . . . . . . . . . . . . . . . . . . . . . Watcher 30 | . 2 . 4 1 . . . . 6 . . . . 1 1 . . 2 2 . . . . . 3 2 3 3 Swarmer 61 | . 9 4 7 . . . . . 3 . . . 5 4 5 5 . . . . 7 . 3 . . . . 9 Saboteur 3 | . . . . . . . . . . . . . . . . . . . . . . . . . 2 . . 1 Grunt 132 | . 4 . 9 13 8 2 . . 3 1 7 . . . 1 . . 3 5 . 3 . 8 . 22 9 14 20 Brawler 12 | . . . . 1 . 1 . . . . . . . . . . . . . 2 . . . . 3 1 3 1 Duelist 5 | . . . . . . . . . . . . . . . . . . . . . . . . . 1 2 2 . Protector 2 | . . . . . . . . . . . . . . . . . . . . . . . . . . 1 . 1 Researcher 4 | . . . . . . . . . . . . . . . . . . . . . . . . . 1 . . 3 Sentry 34 | . . 1 7 3 . . . . 3 1 . . . . 3 . . 3 1 1 1 . . 2 1 1 . 6 Specialist 6 | . . . . . . . . . 2 . . . . . . . . . . . . . . . . . . 4 Hunter 28 | . . . 1 2 . . . . 2 . . . . . . . . 2 6 2 . . 4 . 4 . 2 3 Programmer 81 | . . . . 4 . . . . 8 . . . . 4 . . . 3 10 1 . . . 3 15 10 14 9 Q-Series 4 | . . . . . . . . . . . . . . . . . . . . . . . . . . . . 4 Behemoth 6 | . . . . . . . . . . . 1 . . . 2 . . 1 1 . . . 1 . . . . . Cetus Guard 2 | . . . . . . . . . . . . . . . . 2 . . . . . . . . . . . . Tracker 3 | . . . . . . . . . . . . . . . . . . . . . . . . . . . . 3 Combat Programmer 2 | . . . . . . . . . . . . . . . . . . . . . . . . . . . . 2 Executioner 2 | . . . . . . . . . . . . . . . . . . . . . . . . . . . . 2 Fortress 1 | . . . . . . . . . . . . . . . . . . . . . . . . . . . 1 . Protovariant H 1 | . . . . . . . . . . . . . . . . . . . . . . . . . 1 . . . Cobbler 1 | . . 1 . . . . . . . . . . . . . . . . . . . . . . . . . . Subdweller 16 | . . 16 . . . . . . . . . . . . . . . . . . . . . . . . . . Decomposer 1 | . . . . . . 1 . . . . . . . . . . . . . . . . . . . . . . Tinkerer 1 | . . . . . . . . . . . . . . . . . . . . . 1 . . . . . . . Best Kill Streak 18 | . 6 6 4 6 4 3 . 1 4 2 4 . 5 3 5 5 2 3 5 3 8 . 5 3 18 6 8 15 Combat Bots Only 15 | . 6 4 3 4 4 3 . 1 3 2 4 . 5 3 5 5 . 3 4 3 8 . 5 3 15 5 8 12 Max Kills in Single Turn 5 | . 2 2 3 3 2 1 . 1 2 1 1 . 4 1 5 2 1 1 2 2 4 . 1 1 2 1 2 2 Gunslinging 1 | . . . 1 . . . . . . . . . . . . . . . . . . . . . 1 . . 1 Exploded 5 | . 2 2 3 2 2 1 . . . . 1 . 4 1 5 2 . . . . 4 . 1 . . . 1 2 Melee 1 | . . . . . . . . . . . . . . . . . . . . . . . . . 1 . . . Uniques/NPCs Destroyed . | . . . . . . . . . . . . . . . . . . . . . . . . . . . . . Combat | -11 -10 -10 -8 -7 -7 -7 -7 -6 -6 -6 -6 -6 -5 -5 -5 -5 -5 -5 -4 -4 -4 -4 -3 -3 -3 -2 -2 -2 -------- Run | Jun Mat Sub Mat Fac Low Low Dat Pro Fac Low Low Zio Pro Fac Ext Cet Arc Hub Fac Upp Upp Zhi Pro Res Tes Res Qua Sec Damage Taken 28149 | . 388 1231 914 715 349 76 319 37 799 73 685 . 128 262 390 184 44 1091 1738 248 461 . 2270 408 1599 2502 3953 7285 Core 2297 | . 76 102 30 80 50 . . . 101 5 74 . . 33 15 13 . 109 126 42 . . 135 50 83 207 133 833 Absorbed by Shields 2750 | . . . . . . . . . . . . . . . 84 21 . . . . . . . 425 1085 . . 1135 Ignored by Resistances 659 | . . . . 10 . . . . . . . . . . . . . . . . . . . . . . 100 549 Regen/Repaired (Parts) 9226 | . 62 . 43 . . . . . 247 . . 1092 . . 87 11 . 181 186 . 175 . 317 57 941 1123 1942 2762 Core Remaining (%) 78 | 100 . 28 94 . . . . 81 . . . . 78 . . . . 83 . . . . 73 . 89 . . . Volleys Fired 1388 | . 43 106 72 61 19 5 11 5 76 6 22 . 3 23 18 37 13 52 72 9 13 . 49 13 159 85 118 298 Largest 3 | . 2 2 3 3 3 3 2 3 3 3 3 . 3 3 3 3 3 3 3 3 3 . 3 3 3 3 3 3 Hottest 340 | . 40 160 202 183 195 195 160 195 270 90 270 . 90 90 90 90 90 90 286 286 293 . 300 218 290 308 334 340 Shots Fired 2825 | . 82 161 205 167 39 12 17 16 222 19 61 . 7 63 46 53 39 132 180 28 25 . 85 39 214 210 160 543 Gun 1167 | . 78 55 178 157 . . . . . . . . . . . . . . . . . . 14 39 210 155 28 253 Cannon 1555 | . . 90 24 4 33 10 4 16 222 19 57 . 6 60 45 29 39 132 180 28 17 . 62 . 4 55 131 288 Launcher 68 | . 4 16 3 6 6 2 . . . . 4 . 1 3 1 2 . . . . 8 . 9 . . . 1 2 Special 35 | . . . . . . . 13 . . . . . . . . 22 . . . . . . . . . . . . Kinetic 283 | . 78 64 12 . . . . . . . . . . . . . . . . . . . . . 91 5 3 30 Thermal 2247 | . . 90 190 161 33 10 17 16 222 19 57 . 6 60 45 29 39 132 180 28 17 . 76 39 123 205 130 323 Explosive 59 | . 4 7 3 6 6 2 . . . . 4 . 1 3 1 2 . . . . 8 . 9 . . . 1 2 Electromagnetic 54 | . . . . . . . . . . . . . . . . . . . . . . . . . . . 26 28 Impact 22 | . . . . . . . . . . . . . . . . 22 . . . . . . . . . . . . Slashing 160 | . . . . . . . . . . . . . . . . . . . . . . . . . . . . 160 Robot Hit Streak 52 | . 14 14 16 13 3 4 19 21 30 35 38 . 5 8 22 20 9 21 12 6 11 . 15 35 22 18 23 52 Robot Miss Streak 7 | . 3 4 7 2 1 1 . 3 6 . 1 . 1 4 2 1 3 2 2 1 1 . 4 1 4 2 3 3 Penetration Max 2 | . . . . . . . . . . . . . . . . . . . . . . . . . 2 1 . 1 Secondary Targets 13 | . 2 . 1 . . . . . . . . . . . . . . . . . . . . . 2 . . 8 Max Gunslinging Chain 1 | . 1 . 1 . . . . . . . . . . . . . . . . . . . . . 1 . . 1 Shots Hit Robots 1774 | . 51 66 130 117 11 6 16 3 127 5 27 . 4 28 35 40 26 84 89 18 12 1 52 33 136 155 109 393 Core Hits 881 | . 22 39 52 57 17 5 9 2 45 4 21 . 5 14 17 15 9 30 45 11 21 . 34 13 117 72 52 153 Critical Kills 69 | . 1 . . . . . . . 5 . 1 . . . . . . . 1 . . . . . 43 1 5 12 Critical Parts Destroyed 84 | . . . 1 . . . . . . . . . . . . . . . . . . . . . 50 4 1 28 Critical Strikes 213 | . 1 1 14 9 . . 2 . 5 . 1 . . . . 9 . . 1 . . . 2 . 100 9 7 52 Burn 36 | . . . 13 9 . . 2 . . . . . . . . . . . . . . . 2 . 2 4 1 3 Meltdown 15 | . . . . . . . . . 5 . 1 . . . . . . . 1 . . . . . . . 2 6 Destroy 149 | . 1 1 1 . . . . . . . . . . . . . . . . . . . . . 98 5 4 39 Sever 13 | . . . . . . . . . . . . . . . . 9 . . . . . . . . . . . 4 Melee Attacks 40 | . . 2 . . 9 . 15 . . . . . . . 2 . . 3 1 . . 1 3 . . . 4 . Kinetic 4 | . . . . . . . . . . . . . . . . . . . . . . . . . . . 4 . Impact 9 | . . . . . 9 . . . . . . . . . . . . . . . . . . . . . . . Slashing . | . . . . . . . . . . . . . . . . . . . . . . . . . . . . . Piercing 25 | . . . . . . . 15 . . . . . . . 2 . . 3 1 . . 1 3 . . . . . Sneak Attacks 5 | . . 2 . . . . 1 . . . . . . . . . . 1 1 . . . . . . . . . Combat Hostiles 2 | . . . . . . . . . . . . . . . . . . 1 1 . . . . . . . . . Follow-up Attacks . | . . . . . . . . . . . . . . . . . . . . . . . . . . . . . Damage Inflicted 65923 | . 858 2365 3158 3384 900 365 196 117 4106 135 1210 . 416 1193 1426 1124 703 2739 3405 805 1262 . 2503 838 3070 5199 7666 16780 Guns 20935 | . 668 522 2368 2325 . . . . . . . . . . . . . . . . . . 219 838 2717 3705 609 6964 Cannons 34765 | . . 678 434 56 220 220 37 117 3960 135 676 . 82 883 1020 626 703 2438 3173 805 260 . 1315 . 342 1469 5923 9193 Explosions 9344 | . 176 1165 356 998 680 132 . . . . 534 . 334 289 358 292 . 251 228 . 1002 . 954 . . . 989 606 Melee 221 | . . . . . . . 66 . . . . . . . 35 . . . . . . . . . . . 120 . Ramming 359 | . 14 . . 5 . 13 . . 146 . . . . 21 13 . . 50 4 . . . 15 . 11 25 25 17 Kinetic 4191 | . 668 1249 206 . . . . . . . . . . . . . . . . . . . . . 1322 79 143 524 Thermal 45749 | . . 678 2596 2381 220 220 130 117 3960 135 676 . 82 883 1020 626 703 2438 3173 805 260 . 1534 838 1737 5095 5696 9746 Explosive 8197 | . 176 438 356 998 680 132 . . . . 534 . 334 289 358 292 . . 228 . 1002 . 954 . . . 989 437 Electromagnetic 1989 | . . . . . . . . . . . . . . . . . . 251 . . . . . . . . 813 925 Impact 206 | . . . . . . . . . . . . . . . . 206 . . . . . . . . . . . . Slashing 5131 | . . . . . . . . . . . . . . . . . . . . . . . . . . . . 5131 Piercing 101 | . . . . . . . 66 . . . . . . . 35 . . . . . . . . . . . . . Highest Corruption 30 | . . . . 2 2 3 3 3 2 2 2 2 . 2 . . . 16 7 8 8 8 8 7 14 13 19 30 Average Corruption 6 | . . . . 1 1 3 3 3 1 2 2 2 . 1 . . . 4 4 7 8 8 8 6 11 9 8 15 Corruption Purged 4 | . . . . . 2 . . . . . . . . 2 . . . . . . . . . . . . . . Corruption Blocked 40 | . . . . . . . . . . . . . . . . . . . . . . . . . . . . 40 Effects 693 | . . . . 21 3 31 17 25 11 36 25 3 . 4 . . . 23 31 27 39 7 44 8 108 33 64 133 Message Errors 151 | . . . . 7 . 7 3 3 2 12 7 1 . 2 . . . 6 6 9 5 4 8 2 26 8 9 24 Matter Fused 176 | . . . . 9 . 13 3 11 2 7 6 1 . 1 . . . 6 10 4 11 . 15 2 21 6 16 32 Heat Flow Errors 68 | . . . . . . . 2 1 3 5 1 . . . . . . 1 2 4 4 . 5 2 10 8 11 9 Energy Discharges 84 | . . . . 2 1 3 3 2 2 7 3 . . . . . . 4 3 4 7 2 3 1 13 2 7 15 Parts Rejected 8 | . . . . . . . 1 1 . . . . . . . . . 1 1 . . . . . 3 . . 1 Parts Fused 7 | . . . . . . . . . . 1 1 . . . . . . . . 1 1 . . . 2 . . 1 Data Loss (minor) 79 | . . . . 1 2 5 3 5 2 2 1 1 . 1 . . . 2 2 3 4 . 3 1 12 2 8 19 Data Loss (major) 36 | . . . . 2 . 1 . . . 1 . . . . . . . 1 1 1 5 . 3 . 5 2 4 10 Misfires 38 | . . . . . . 1 2 1 . 1 4 . . . . . . . 4 1 2 . 2 . 10 1 6 3 Alerts 10 | . . . . . . 1 . 1 . . 1 . . . . . . . 1 . . 1 2 . 3 . . . Misdirections 1 | . . . . . . . . . . . . . . . . . . . . . . . . . . . 1 . Weapon Failures 35 | . . . . . . . . . . . 1 . . . . . . 2 1 . . . 3 . 3 4 2 19 Overload Shots 13 | . . . . . . . . . . . 3 . . . . . . 1 3 . . . . . 6 . . . Overflow Damage 1539 | . 2 13 49 16 . 10 6 . 163 . . . . 44 . 13 . 126 104 1 64 . 20 . 20 48 590 250 Projectiles 1270 | . . . 24 . . . . . 163 . . . . 20 . 13 . 126 59 1 . . 7 . 20 48 545 244 Explosions 240 | . 2 13 25 16 . . . . . . . . . 24 . . . . 45 . 64 . . . . . 45 6 Melee 29 | . . . . . . 10 6 . . . . . . . . . . . . . . . 13 . . . . . Knockbacks 3 | . . . . . . . . . 1 . . . . . . . . 1 . . . . . . . . . 1 Impact 3 | . . . . . . . . . 1 . . . . . . . . 1 . . . . . . . . . 1 Kinetic . | . . . . . . . . . . . . . . . . . . . . . . . . . . . . . Secondary . | . . . . . . . . . . . . . . . . . . . . . . . . . . . . . Self-Inflicted Damage 595 | . . 43 . . 6 . . . . . . . 48 . . . . 95 . . 63 . 52 . . . 288 . Shots 9 | . . 1 . . 1 . . . . . . . 1 . . . . 1 . . 1 . 1 . . . 3 . Rammed 4 | . 4 . . . . . . . . . . . . . . . . . . . . . . . . . . . Targets Rammed 48 | . 4 . . 1 . 1 . . 17 . . . . 3 3 . 1 6 2 . . . 2 . 1 2 3 2 Kicked 44 | . . . . 1 . 1 . . 17 . . . . 3 3 . 1 6 2 . . . 2 . 1 2 3 2 Crushed . | . . . . . . . . . . . . . . . . . . . . . . . . . . . . . Highest Temperature 464 | . . 117 297 167 93 78 230 59 229 262 84 . . . 24 36 100 234 293 180 185 . 224 143 171 464 259 201 Average Temperature 103 | . . 22 105 59 39 37 107 25 44 79 37 . . . 11 16 34 87 71 64 63 . 89 53 55 140 77 137 Received Heat Transfer 3410 | . 66 273 288 261 198 18 . 18 105 30 258 . . . 62 . . 45 125 9 60 . 318 16 177 378 315 390 Effects 21 | . . . . . . . . . . 2 . . . . . . . 2 . . . . 3 . . 2 . 12 Shutdowns 2 | . . . . . . . . . . . . . . . . . . . . . . . . . . 2 . . Energy Bleed 6 | . . . . . . . . . . . . . . . . . . . . . . . . . . . . 6 Interference 13 | . . . . . . . . . . 2 . . . . . . . 2 . . . . 3 . . . . 6 Siege Activations . | . . . . . . . . . . . . . . . . . . . . . . . . . . . . . Robots Corrupted 8 | . . . . . . . . . . . . . . . . . . 1 . . . . . . . . 5 2 Combat Hostiles 7 | . . . . . . . . . . . . . . . . . . . . . . . . . . . 5 2 Parts Fried 11 | . . . . . . . . . . . . . . . . . . 1 . . . . . . . . 5 5 Impact Corruptions 4 | . . . . . . 1 . . . . . . . . . 1 . . . . . . 2 . . . . . Robots Melted 34 | . . . 4 2 . . . . 7 . 1 . . . 2 . . 2 3 . . . . 2 2 1 2 6 Combat Hostiles 32 | . . . 3 2 . . . . 6 . 1 . . . 2 . . 2 3 . . . . 2 2 1 2 6 Parts Melted 176 | . . . 15 17 . . 1 . 25 1 8 . . 3 8 1 1 10 18 6 . . 11 4 3 14 5 25 Heat Transferred 54202 | . . 925 5567 4847 296 296 1434 185 5348 185 901 . 111 962 1276 851 962 3145 4013 1050 400 . 2427 1364 2517 5347 3689 6104 Parts Sabotaged 2 | . . . . . . . . . . . . . . . . . . . . . . . . . 2 . . . Parts Stolen . | . . . . . . . . . . . . . . . . . . . . . . . . . . . . . Parts Stripped . | . . . . . . . . . . . . . . . . . . . . . . . . . . . . . Power Chain Reactions 1 | . . . . . . . . . . . . . . . . . . . . . . . . . . . . 1 Missiles Intercepted . | . . . . . . . . . . . . . . . . . . . . . . . . . . . . . Alert | -11 -10 -10 -8 -7 -7 -7 -7 -6 -6 -6 -6 -6 -5 -5 -5 -5 -5 -5 -4 -4 -4 -4 -3 -3 -3 -2 -2 -2 ------- Run | Jun Mat Sub Mat Fac Low Low Dat Pro Fac Low Low Zio Pro Fac Ext Cet Arc Hub Fac Upp Upp Zhi Pro Res Tes Res Qua Sec Peak Influence 1602 | . 207 . 487 326 . . . . 304 . . . . 239 316 585 367 522 630 . . . . 218 1029 838 795 1602 Initial 578 | . . . 179 201 . . . . . . . . . . 25 79 234 128 255 . . . . 111 29 578 471 249 Average 302 | . 108 . 241 175 . . . . 136 . . . . 81 134 338 343 150 359 . . . . 109 338 663 474 791 Maximum Alert Level 5 | . 1 . 2 1 . . . . 1 . . . . 1 1 2 1 2 2 . . . . 1 3 3 3 5 Low Security (%) 46 | 100 86 . 51 49 . . . . 71 . . . . 92 75 9 . 64 14 . . . . 94 53 . . . Level 1 24 | . 13 . 29 50 . . . . 28 . . . . 7 24 59 100 31 45 . . . . 5 2 . 26 7 Level 2 17 | . . . 18 . . . . . . . . . . . . 30 . 3 40 . . . . . 18 62 71 19 Level 3 10 | . . . . . . . . . . . . . . . . . . . . . . . . . 24 37 2 64 Level 4 . | . . . . . . . . . . . . . . . . . . . . . . . . . . . . 7 Level 5 . | . . . . . . . . . . . . . . . . . . . . . . . . . . . . . High Security . | . . . . . . . . . . . . . . . . . . . . . . . . . . . . . Max Security . | . . . . . . . . . . . . . . . . . . . . . . . . . . . . . Squads Dispatched 108 | . 2 . 2 7 . . . . 13 . . . . 1 . . . 4 9 . . . . 2 17 11 12 28 Investigation 14 | . 1 . 2 3 . . . . . . . . . . . . . . 2 . . . . . 2 . 1 3 Extermination 42 | . . . . 3 . . . . 7 . . . . 1 . . . 2 4 . . . . 2 6 4 6 7 Reinforcement 23 | . 1 . . . . . . . 6 . . . . . . . . 2 3 . . . . . 3 1 2 5 Assault 13 | . . . . . . . . . . . . . . . . . . . . . . . . . 3 1 3 6 Garrison 9 | . . . . 1 . . . . . . . . . . . . . . . . . . . . 3 5 . . Intercept 7 | . . . . . . . . . . . . . . . . . . . . . . . . . . . . 7 Searches Triggered . | . . . . . . . . . . . . . . . . . . . . . . . . . . . . . Construction Impeded 5 | . . . . . . . . . 3 . . . . . . . . 1 . . . . . . . . . 1 Haulers Reinforced 3 | . . . . . . . . . 1 . . . . . . . . . 1 . . . . . 1 . . . Active Scanning Responses . | . . . . . . . . . . . . . . . . . . . . . . . . . . . . . Cargo Convoy Interrupts . | . . . . . . . . . . . . . . . . . . . . . . . . . . . . . Stealth | -11 -10 -10 -8 -7 -7 -7 -7 -6 -6 -6 -6 -6 -5 -5 -5 -5 -5 -5 -4 -4 -4 -4 -3 -3 -3 -2 -2 -2 --------- Run | Jun Mat Sub Mat Fac Low Low Dat Pro Fac Low Low Zio Pro Fac Ext Cet Arc Hub Fac Upp Upp Zhi Pro Res Tes Res Qua Sec Distress Signals 13 | . . . 4 . . . . . 1 . . . . 1 . 2 . 2 . . . . . . . 1 1 1 Communications Jammed 40 | . . . . . . . . . . . . . . 4 . . . . 34 . . . . . 1 . . 1 Distress Signals 40 | . . . . . . . . . . . . . . 4 . . . . 34 . . . . . 1 . . 1 Times Spotted 609 | . 20 40 35 33 8 3 4 7 32 1 9 . 4 13 30 16 9 18 25 6 12 . 18 5 59 33 50 119 Peak Tracking Total 11 | . 3 6 4 5 4 3 1 3 3 1 4 . 5 4 8 5 1 4 4 3 6 . 5 3 5 5 10 11 Tactical Retreats 21 | . . 1 . . . . . . 2 . 1 . . 2 2 . . 2 . . 1 . 2 . 3 1 1 3 Traps | -11 -10 -10 -8 -7 -7 -7 -7 -6 -6 -6 -6 -6 -5 -5 -5 -5 -5 -5 -4 -4 -4 -4 -3 -3 -3 -2 -2 -2 ------- Run | Jun Mat Sub Mat Fac Low Low Dat Pro Fac Low Low Zio Pro Fac Ext Cet Arc Hub Fac Upp Upp Zhi Pro Res Tes Res Qua Sec Traps Triggered 12 | . . 3 1 . . . . . . . . . . . 4 . . . . . . . . . 3 . . 1 Indirectly . | . . . . . . . . . . . . . . . . . . . . . . . . . . . . . Trap Hack Attempts . | . . . . . . . . . . . . . . . . . . . . . . . . . . . . . Triggered . | . . . . . . . . . . . . . . . . . . . . . . . . . . . . . Disarmed . | . . . . . . . . . . . . . . . . . . . . . . . . . . . . . Reprogrammed . | . . . . . . . . . . . . . . . . . . . . . . . . . . . . . Reused . | . . . . . . . . . . . . . . . . . . . . . . . . . . . . . Traps Extracted . | . . . . . . . . . . . . . . . . . . . . . . . . . . . . . Installed . | . . . . . . . . . . . . . . . . . . . . . . . . . . . . . Triggered 3 | . . . . . . . . . . 1 . . . . . . . . . 2 . . . . . . . . Machines | -11 -10 -10 -8 -7 -7 -7 -7 -6 -6 -6 -6 -6 -5 -5 -5 -5 -5 -5 -4 -4 -4 -4 -3 -3 -3 -2 -2 -2 ---------- Run | Jun Mat Sub Mat Fac Low Low Dat Pro Fac Low Low Zio Pro Fac Ext Cet Arc Hub Fac Upp Upp Zhi Pro Res Tes Res Qua Sec Machines Disabled 94 | . . 5 3 5 . . 1 . 1 . . . . 4 2 2 2 16 7 . 1 . . . 8 1 14 22 Max in Single Turn 15 | . . 4 1 1 . . 1 . . . . . . 1 1 . 1 15 4 . 1 . . . 1 1 3 2 Garrison Access 4 | . . . . 1 . . . . . . . . . . . . . 1 . . . . . . 1 1 . . Network Hub 1 | . . . . . . . . . . . . . . . . . . 1 . . . . . . . . . . Machines Repaired . | . . . . . . . . . . . . . . . . . . . . . . . . . . . . . Machines Sabotaged . | . . . . . . . . . . . . . . . . . . . . . . . . . . . . . Overloaded Fab Kills . | . . . . . . . . . . . . . . . . . . . . . . . . . . . . . Hacking | -11 -10 -10 -8 -7 -7 -7 -7 -6 -6 -6 -6 -6 -5 -5 -5 -5 -5 -5 -4 -4 -4 -4 -3 -3 -3 -2 -2 -2 --------- Run | Jun Mat Sub Mat Fac Low Low Dat Pro Fac Low Low Zio Pro Fac Ext Cet Arc Hub Fac Upp Upp Zhi Pro Res Tes Res Qua Sec Machines Accessed 116 | . 7 2 7 12 1 3 4 . 8 3 . . . 2 11 1 . 12 4 . 1 4 1 5 7 2 9 10 Terminals 77 | . 6 . 6 7 . . . . 6 . . . . 2 10 1 . 11 2 . . . 1 4 4 1 7 9 Fabricators 8 | . . . . 4 . . . . 1 . . . . . . . . . 2 . . . . . 1 . . . Repair Stations 7 | . 1 . 1 . . . . . 1 . . . . . 1 . . . . . . . . 1 1 . . 1 Recycling Units . | . . . . . . . . . . . . . . . . . . . . . . . . . . . . . Scanalyzers 2 | . . . . . . . . . . . . . . . . . . . . . . . . . . . 2 . Garrison Access 4 | . . . . 1 . . . . . . . . . . . . . 1 . . . . . . 1 1 . . Total Hacks 370 | . 22 10 17 38 1 15 28 . 20 13 . . . 3 20 1 . 33 21 . 1 17 1 14 27 5 33 30 Successful 231 | . 9 10 5 24 1 15 28 . 12 13 . . . 1 12 1 . 19 13 . 1 17 1 2 15 2 21 9 Failed 137 | . 12 . 12 13 . . . . 8 . . . . 2 8 . . 14 8 . . . . 12 12 3 12 21 Catastrophic 17 | . . . 3 . . . . . 1 . . . . . . . . . 2 . . . . 1 4 . 5 1 Database Lockouts 2 | . 1 . . 1 . . . . . . . . . . . . . . . . . . . . . . . . Manual 152 | . 18 . 10 19 . . . . 13 . . . . 2 1 1 . 22 14 . . . . 8 13 3 17 11 Terminals 222 | . 18 . 14 25 . . . . 16 . . . . 3 17 1 . 30 13 . . . 1 10 16 3 28 27 Fabricators 26 | . . . . 11 . . . . 2 . . . . . . . . . 8 . . . . . 5 . . . Repair Stations 23 | . 4 . 3 . . . . . 2 . . . . . 3 . . . . . . . . 4 4 . . 3 Recycling Units . | . . . . . . . . . . . . . . . . . . . . . . . . . . . . . Scanalyzers 5 | . . . . . . . . . . . . . . . . . . . . . . . . . . . 5 . Garrison Access 9 | . . . . 2 . . . . . . . . . . . . . 3 . . . . . . 2 2 . . Terminal Hacks 161 | . 3 10 . 10 1 15 28 . 7 13 . . . . 9 1 . 11 5 . 1 17 1 . 7 1 13 8 Record 50 | . . 9 . . . 13 11 . . 11 . . . . . . . . . . . 5 1 . . . . . Part Schematic 22 | . . . . 2 . . 10 . 1 . . . . . . . . 2 1 . . 4 . . 1 . 1 . Robot Schematic 4 | . . . . . . . 4 . . . . . . . . . . . . . . . . . . . . . Robot Analysis 5 | . 1 . . . . . . . . . . . . . . . . . . . . 4 . . . . . . Prototype ID Bank 8 | . . . . . . . 3 . 1 . . . . . . . . . . . . 4 . . . . . . Open Door 17 | . . . . . 1 2 . . . 2 . . . . 9 1 . . . . 1 . . . . . . 1 Level Access Points 2 | . . . . . . . . . . . . . . . . . . 1 . . . . . . . . . 1 Branch Access Points 4 | . . . . 1 . . . . 1 . . . . . . . . . 1 . . . . . . 1 . . Machine Index 2 | . . . . . . . . . . . . . . . . . . 1 . . . . . . . . 1 . Terminal Index 6 | . . . . 1 . . . . 1 . . . . . . . . . 1 . . . . . 1 . 1 1 Fabricator Index 4 | . . . . 1 . . . . 1 . . . . . . . . . 1 . . . . . 1 . . . Garrison Index 1 | . . . . . . . . . . . . . . . . . . . . . . . . . 1 . . . Alert Level 9 | . . . . . . . . . 1 . . . . . . . . 1 1 . . . . . 2 . 3 1 Unreport Threat 14 | . . . . 3 . . . . . . . . . . . . . 2 . . . . . . . . 6 3 Hauler Manifests 1 | . . . . . . . . . . . . . . . . . . 1 . . . . . . . . . . Registered Prototypes 1 | . . . . . . . . . 1 . . . . . . . . . . . . . . . . . . . Zone Layout 10 | . 2 . . 2 . . . . . . . . . . . . . 3 . . . . . . 1 . 1 1 Derelict Proto ID Bank 1 | . . 1 . . . . . . . . . . . . . . . . . . . . . . . . . . Fabricator Hacks 15 | . . . . 7 . . . . 1 . . . . . . . . . 5 . . . . . 2 . . . Network Status 2 | . . . . . . . . . 1 . . . . . . . . . 1 . . . . . . . . . Load Schematic 6 | . . . . 3 . . . . . . . . . . . . . . 2 . . . . . 1 . . . Build 7 | . . . . 4 . . . . . . . . . . . . . . 2 . . . . . 1 . . . Repair Station Hacks 12 | . 2 . 2 . . . . . 2 . . . . . 2 . . . . . . . . 1 2 . . 1 Scan Component 7 | . 1 . 1 . . . . . 1 . . . . . 1 . . . . . . . . 1 1 . . 1 Repair 5 | . 1 . 1 . . . . . 1 . . . . . 1 . . . . . . . . . 1 . . . Recycling Unit Hacks . | . . . . . . . . . . . . . . . . . . . . . . . . . . . . . Scanalyzer 4 | . . . . . . . . . . . . . . . . . . . . . . . . . . . 4 . Insert Component 3 | . . . . . . . . . . . . . . . . . . . . . . . . . . . 3 . Analyze 1 | . . . . . . . . . . . . . . . . . . . . . . . . . . . 1 . Garrison Access Hacks 4 | . . . . 1 . . . . . . . . . . . . . 1 . . . . . . 1 1 . . Seal Access 4 | . . . . 1 . . . . . . . . . . . . . 1 . . . . . . 1 1 . . Unauthorized Hacks 35 | . 4 . 3 6 . . . . 2 . . . . 1 1 . . 7 3 . . . . 1 3 . 4 . Terminals 33 | . 4 . 3 6 . . . . 2 . . . . 1 1 . . 7 2 . . . . 1 2 . 4 . Track 2 | . . . . 1 . . . . . . . . . . . . . 1 . . . . . . . . . . Assimilate 6 | . . . . 3 . . . . . . . . . . . . . 2 . . . . . . . . 1 . Botnet 25 | . 4 . 3 2 . . . . 2 . . . . 1 1 . . 4 2 . . . . 1 2 . 3 . Fabricators 2 | . . . . . . . . . . . . . . . . . . . 1 . . . . . 1 . . . Prioritize 2 | . . . . . . . . . . . . . . . . . . . 1 . . . . . 1 . . . Repair Stations . | . . . . . . . . . . . . . . . . . . . . . . . . . . . . . Recycling Units . | . . . . . . . . . . . . . . . . . . . . . . . . . . . . . Scanalyzers . | . . . . . . . . . . . . . . . . . . . . . . . . . . . . . Garrison Access . | . . . . . . . . . . . . . . . . . . . . . . . . . . . . . Data Cores Recovered 1 | . . . . 1 . . . . . . . . . . . . . . . . . . . . . . . . Used . | . . . . . . . . . . . . . . . . . . . . . . . . . . . . . Hacking Detections 85 | . 5 . 7 11 . . . . 8 . . . . 2 5 . . 12 4 . . . . 5 7 2 8 9 Full Trace Events 14 | . 2 . 1 3 . . . . . . . . . . . . . . 2 . . . . . 2 . 1 3 Feedback Events . | . . . . . . . . . . . . . . . . . . . . . . . . . . . . . Feedback Blocked . | . . . . . . . . . . . . . . . . . . . . . . . . . . . . . Robot Schematics Acquired 7 | . . . . . . . 4 . . . . . . . . . . . . . . . . . 2 . . 1 Robots Built . | . . . . . . . . . . . . . . . . . . . . . . . . . . . . . Authchips . | . . . . . . . . . . . . . . . . . . . . . . . . . . . . . Time . | . . . . . . . . . . . . . . . . . . . . . . . . . . . . . Total Robot Build Rating . | . . . . . . . . . . . . . . . . . . . . . . . . . . . . . Part Schematics Acquired 27 | . . . . 2 . . 10 . 1 . . . . . . . . 2 1 . . 4 . . 1 . 2 4 Parts Built 9 | . . . . 5 . . . . . . . . . . . . . . 3 . . . . . 1 . . . Authchips . | . . . . . . . . . . . . . . . . . . . . . . . . . . . . . Time 355 | . . . . 207 . . . . . . . . . . . . . . 90 . . . . . 58 . . . Total Part Build Rating 53 | . . . . 24 . . . . . . . . . . . . . . 22 . . . . . 7 . . . Parts Repaired 5 | . 1 . 1 . . . . . 1 . . . . . 1 . . . . . . . . . 1 . . . Time 126 | . 26 . 32 . . . . . 22 . . . . . 28 . . . . . . . . . 18 . . . Parts Recycled . | . . . . . . . . . . . . . . . . . . . . . . . . . . . . . Recycled Matter . | . . . . . . . . . . . . . . . . . . . . . . . . . . . . . Retrieved Matter . | . . . . . . . . . . . . . . . . . . . . . . . . . . . . . Retrieved Components . | . . . . . . . . . . . . . . . . . . . . . . . . . . . . . Parts Scanalyzed 1 | . . . . . . . . . . . . . . . . . . . . . . . . . . . 1 . Part Schematics Acquired 1 | . . . . . . . . . . . . . . . . . . . . . . . . . . . 1 . Parts Damaged . | . . . . . . . . . . . . . . . . . . . . . . . . . . . . . Bothacking | -11 -10 -10 -8 -7 -7 -7 -7 -6 -6 -6 -6 -6 -5 -5 -5 -5 -5 -5 -4 -4 -4 -4 -3 -3 -3 -2 -2 -2 ------------ Run | Jun Mat Sub Mat Fac Low Low Dat Pro Fac Low Low Zio Pro Fac Ext Cet Arc Hub Fac Upp Upp Zhi Pro Res Tes Res Qua Sec Used RIF Installer . | . . . . . . . . . . . . . . . . . . . . . . . . . . . . . Robots Hacked 2 | . . 2 . . . . . . . . . . . . . . . . . . . . . . . . . . Non-combat 2 | . . 2 . . . . . . . . . . . . . . . . . . . . . . . . . . Combat . | . . . . . . . . . . . . . . . . . . . . . . . . . . . . . Robot Hacks Applied 2 | . . 2 . . . . . . . . . . . . . . . . . . . . . . . . . . parse_system 2 | . . 2 . . . . . . . . . . . . . . . . . . . . . . . . . . Relay Couplers Released 1 | . . . . . . . . . . . . . . . . . . . . . . . . . . 1 . . Machine Destruction 1 | . . . . . . . . . . . . . . . . . . . . . . . . . . 1 . . Fabnet Peak Effective % . | . . . . . . . . . . . . . . . . . . . . . . . . . . . . . Robots Rewired 13 | . . . . 1 . . 2 . . . . . . . 10 . . . . . . . . . . . . . Allies Hacked 1 | . . . . 1 . . . . . . . . . . . . . . . . . . . . . . . . Hacks Repelled . | . . . . . . . . . . . . . . . . . . . . . . . . . . . . . Allies | -11 -10 -10 -8 -7 -7 -7 -7 -6 -6 -6 -6 -6 -5 -5 -5 -5 -5 -5 -4 -4 -4 -4 -3 -3 -3 -2 -2 -2 -------- Run | Jun Mat Sub Mat Fac Low Low Dat Pro Fac Low Low Zio Pro Fac Ext Cet Arc Hub Fac Upp Upp Zhi Pro Res Tes Res Qua Sec Total Allies 32 | . . . . 3 . . 2 . . . . . . . 23 2 . 2 . . . . . . . . . . Largest Group 12 | . . . . 2 . . 2 2 2 . . . . . 12 12 4 2 2 . . . . . . . . . Highest-Rated Group 585 | . . . . 36 . . 192 192 192 . . . . . 474 585 269 112 46 . . . . . . . . . Highest-Rated Ally 159 | . . . . 34 . . 96 96 96 . . . . . 159 151 96 96 26 . . . . . . . . . Total Orders 17 | . . . . 2 . . 3 . . . . . . . . 2 . 2 4 . . . . . 4 . . . STAY 7 | . . . . 1 . . 2 . . . . . . . . 1 . 1 2 . . . . . . . . . FOLLOW 6 | . . . . 1 . . 1 . . . . . . . . 1 . 1 2 . . . . . . . . . EXPLORE 3 | . . . . . . . . . . . . . . . . . . . . . . . . . 3 . . . RETURN 1 | . . . . . . . . . . . . . . . . . . . . . . . . . 1 . . . Ally Attacks 293 | . . . . 5 . . 20 22 13 . . . . . 98 101 24 10 . . . . . . . . . . Total Damage 7959 | . . . . 511 . . 468 613 578 . . . . . 2100 2311 869 509 . . . . . . . . . . Kills 51 | . . . . 1 . . 2 8 2 . . . . . 17 14 4 3 . . . . . . . . . . Allies Corrupted . | . . . . . . . . . . . . . . . . . . . . . . . . . . . . . Allies Melted 1 | . . . . . . . . . . . . . . . 1 . . . . . . . . . . . . . Intel | -11 -10 -10 -8 -7 -7 -7 -7 -6 -6 -6 -6 -6 -5 -5 -5 -5 -5 -5 -4 -4 -4 -4 -3 -3 -3 -2 -2 -2 ------- Run | Jun Mat Sub Mat Fac Low Low Dat Pro Fac Low Low Zio Pro Fac Ext Cet Arc Hub Fac Upp Upp Zhi Pro Res Tes Res Qua Sec Robot Analysis Total 5 | . 1 . . . . . . . . . . . . . . . . . . . . 4 . . . . . . Derelict Logs Recovered 15 | . . 3 . . 1 3 . 1 . 2 1 1 1 . . . . . . 1 1 . . . . . . . Drone Launches 3 | . . . . . . . . . . . . . . . . . . . . . . . . . 3 . . . Drone Recoveries 2 | . . . . . . . . . . . . . . . . . . . . . . . . . 2 . . . Exploration | -11 -10 -10 -8 -7 -7 -7 -7 -6 -6 -6 -6 -6 -5 -5 -5 -5 -5 -5 -4 -4 -4 -4 -3 -3 -3 -2 -2 -2 ------------- Run | Jun Mat Sub Mat Fac Low Low Dat Pro Fac Low Low Zio Pro Fac Ext Cet Arc Hub Fac Upp Upp Zhi Pro Res Tes Res Qua Sec Turns Passed 52911 | 79 1568 5665 2591 2778 1833 2198 650 1488 3704 2652 1963 2568 1505 1656 1920 572 352 1666 1687 885 1407 218 1170 556 3101 1401 2300 2778 Spaces Moved 20882 | 46 657 2971 898 1043 688 963 182 645 1210 1034 736 1017 497 580 675 172 123 594 512 399 745 151 611 215 1092 479 918 1029 Core 9 | 9 . . . . . . . . . . . . . . . . . . . . . . . . . . . . Treads 4379 | 37 657 2971 714 . . . . . . . . . . . . . . . . . . . . . . . . . Legs 16399 | . . . 184 1043 688 963 182 645 1210 1034 736 1017 497 580 675 172 123 594 512 399 745 151 611 215 1092 479 918 934 Wheels . | . . . . . . . . . . . . . . . . . . . . . . . . . . . . . Hover . | . . . . . . . . . . . . . . . . . . . . . . . . . . . . . Flight . | . . . . . . . . . . . . . . . . . . . . . . . . . . . . . Fastest Speed 50 | 50 160 160 163 193 225 225 225 225 250 250 250 250 250 220 220 220 220 220 209 209 126 126 126 209 120 203 205 185 Average Speed 212 | 143 205 175 241 206 225 225 225 225 250 250 250 250 250 233 220 220 220 220 235 209 180 127 126 209 189 206 207 198 Slowest Speed 470 | 160 240 250 260 225 225 225 225 225 250 250 250 250 250 470 220 220 220 220 250 209 209 209 126 209 220 209 209 205 Overloaded Moves . | . . . . . . . . . . . . . . . . . . . . . . . . . . . . . Propulsion Burnouts . | . . . . . . . . . . . . . . . . . . . . . . . . . . . . . Robots Hopped . | . . . . . . . . . . . . . . . . . . . . . . . . . . . . . Cave-ins Triggered 2 | . . . . . . . . . . . . . . . . . . 1 . . . . . . . . . 1 Teleports 6 | . . . . . . . . . . . . . . . . . . . . . . . . . . . 1 5 Microwarps 6 | . . . . . . . . . . . . . . . . . . . . . . . . . . . . 6 Exploration Rate (%) 62 | 4 99 97 61 29 84 90 80 62 30 94 89 84 56 13 84 65 81 50 14 61 76 60 78 7 90 17 79 70 Regions Visited 28 Branch Regions 20 Pre-discovered Areas 14 | . . 3 . . . 3 1 1 . 1 1 . . . . . . . . 1 . 3 . . . . . . Known Exits Taken 24 | . . . . 1 1 1 1 1 1 1 1 1 1 1 1 1 1 1 1 1 1 1 1 1 1 1 1 . Unknown Exits Taken 4 | 1 1 1 1 . . . . . . . . . . . . . . . . . . . . . . . . . Scrap Searched 45 | . . 16 . . 5 4 . 1 . 4 2 5 . . . . . . . 3 2 . 3 . . . . . Spaces Dug 410 | . . 7 . . 9 22 . 1 16 4 7 . . 5 . 38 . 178 16 . 45 . 5 . 11 2 10 34 Terrain Destroyed 1245 | . 20 118 33 18 85 23 . 4 38 7 36 . 7 39 14 38 1 189 76 6 101 . 92 . 27 20 91 162 Melee 8 | . . . . . 5 . . . . . . . . . . . . 1 . . . . 2 . . . . . Projectile 403 | . . 15 7 . 9 1 . 4 38 7 8 . 1 11 3 . 1 20 63 6 5 . 22 . 15 20 27 120 AOE 822 | . 20 103 26 18 71 22 . . . . 28 . 6 28 11 38 . 168 13 . 96 . 68 . . . 64 42 Terrain Rammed . | . . . . . . . . . . . . . . . . . . . . . . . . . . . . . Walls Destroyed . | . . . . . . . . . . . . . . . . . . . . . . . . . . . . . Machines Disabled . | . . . . . . . . . . . . . . . . . . . . . . . . . . . . . Actions | -11 -10 -10 -8 -7 -7 -7 -7 -6 -6 -6 -6 -6 -5 -5 -5 -5 -5 -5 -4 -4 -4 -4 -3 -3 -3 -2 -2 -2 --------- Run | Jun Mat Sub Mat Fac Low Low Dat Pro Fac Low Low Zio Pro Fac Ext Cet Arc Hub Fac Upp Upp Zhi Pro Res Tes Res Qua Sec Total 27244 | 56 790 3265 1175 1536 924 984 376 670 1693 1090 813 1043 753 829 1066 294 172 834 844 428 783 177 922 289 1931 761 1213 1533 Wait 3696 | . 61 106 118 337 182 8 143 19 317 41 42 8 250 169 272 67 23 150 213 9 12 2 227 34 520 162 63 141 Move 20764 | 45 656 2970 897 1042 687 962 181 644 1209 1033 735 1016 496 579 674 171 122 593 511 398 744 150 610 214 1091 478 917 939 Hop . | . . . . . . . . . . . . . . . . . . . . . . . . . . . . . Pick Up 231 | 3 14 18 32 16 4 2 3 . 14 2 2 2 . 9 6 2 . 3 10 3 3 3 3 7 18 5 21 26 Fast Attach 193 | 6 2 6 8 9 4 . 3 1 6 2 2 6 . 9 4 3 4 4 1 2 . 8 4 3 49 1 17 29 Attach 97 | 1 . 3 6 2 1 1 4 . 3 . 2 . . 4 1 . . 1 10 1 2 2 6 5 1 3 13 25 Detach 12 | . . . . 1 . . . . 1 . . . . 1 . . . . . . . 1 . 2 . . 3 3 Swap 362 | . 5 21 17 26 10 4 2 1 31 2 6 3 4 15 11 9 5 15 21 4 8 . 16 9 32 22 24 39 Drop 313 | 1 5 22 25 28 8 1 5 . 19 4 2 8 . 17 9 5 4 7 3 2 1 10 2 2 60 3 30 30 Fire 1388 | . 43 106 72 61 19 5 11 5 76 6 22 . 3 23 18 37 13 52 72 9 13 . 49 13 159 85 118 298 Melee 40 | . . 2 . . 9 . 15 . . . . . . . 2 . . 3 1 . . 1 3 . . . 4 . Ram . | . . . . . . . . . . . . . . . . . . . . . . . . . . . . . Kick 44 | . . . . 1 . 1 . . 17 . . . . 3 3 . 1 6 2 . . . 2 . 1 2 3 2 Crush 4 | . 4 . . . . . . . . . . . . . . . . . . . . . . . . . . . Escape Stasis 21 | . . . . . . . . . . . . . . . 20 . . . . . . . . . . . . 1 Rewire 68 | . . . . 13 . . 9 . . . . . . . 46 . . . . . . . . . . . . . Trap . | . . . . . . . . . . . . . . . . . . . . . . . . . . . . . Miscellaneous 11 | . . 11 . . . . . . . . . . . . . . . . . . . . . . . . . . Route ------- -11/Junkyard -10/Materials (discovered 5 exits: [*Mat x3] / [*Min] / *Sub) -10/Subcaves (discovered 3 exits: [*Mat] / *Mat / [*Rec]) -8/Materials -7/Factory (discovered 3 exits: *Fac / *Low x2) -7/Lower Caves -7/Lower Caves (discovered 2 exits: *Fac / *Dat) -7/Data Miner -6/Proximity Caves -6/Factory (discovered 3 exits: *Fac / *Low x2) -6/Lower Caves (discovered 2 exits: *Low / *Zio) -6/Lower Caves (discovered 2 exits: *Fac / *Zio) -6/Zion -5/Proximity Caves -5/Factory (discovered 4 exits: Fac / *Upp x2 / *Ext) -5/Extension (discovered 2 exits: *Fac / *Cet) -5/Cetus (discovered 2 exits: *Fac / *Arc) -5/Archives (discovered 3 exits: *Fac / *Hub x2) -5/Hub_04(d) (discovered 4 exits: *Fac x4) -4/Factory (discovered 5 exits: Res x2 / *Upp x2 / Arm) -4/Upper Caves -4/Upper Caves -4/Zhirov -3/Proximity Caves -3/Research (discovered 2 exits: Res / *Tes) -3/Testing -2/Research (discovered 2 exits: *Qua x2) -2/Quarantine -2/Section 7 (discovered 1 exit: Acc) History --------- Turn | Location | Event 7 | -11/Junkyard | Discovered new exit (range 15) 80 | -11/Junkyard | Entered Materials 300 | -10/Materials | Build established: Mutant 709 | -10/Materials | Discovered new exit (range 16) 897 | -10/Materials | Discovered new exit (range 15) 1051 | -10/Materials | Discovered new exit (range 13) 1134 | -10/Materials | Discovered new exit (range 10) 1275 | -10/Materials | Repaired Assault Rifle 1363 | -10/Materials | Central database locked down 1631 | -10/Materials | Discovered new exit (range 7) 1648 | -10/Materials | Entered Subcaves 1860 | -10/Subcaves | Discovered new exit (range 9) 2389 | -10/Subcaves | Build established: Scavenger-Mutant 3360 | -10/Subcaves | Shifting Twisted Machinery released Sub. Laser 3383 | -10/Subcaves | Build established: Subdweller-Mutant 3490 | -10/Subcaves | Shifting Twisted Machinery released Spk. Treads 3862 | -10/Subcaves | Discovered new exit (range 3) 3876 | -10/Subcaves | A swath of the cavern ceiling suddenly collapsed 4165 | -10/Subcaves | Visited Clippyterm 4394 | -10/Subcaves | Shifting Twisted Machinery released Sub. Beam Cannon 4522 | -10/Subcaves | Shifting Twisted Machinery released Sub. Shrapnel Launcher 4776 | -10/Subcaves | Learned location of Zion (-6) 4799 | -10/Subcaves | Visited 4L-MR0's lab 4823 | -10/Subcaves | Found Gun Armor 5353 | -10/Subcaves | Core integrity fell below 50% 5374 | -10/Subcaves | Discovered new exit (range 16) 5745 | -10/Subcaves | A swath of the cavern ceiling suddenly collapsed 6360 | -10/Subcaves | Build established: Derelict-Mutant 6835 | -10/Subcaves | Build established: Subdweller-Mutant 7027 | -10/Subcaves | Disturbed a concealed Subdweller 7313 | -10/Subcaves | Entered Materials 7313 | -8/Materials | Evolved 4 slots: Propulsion x1, Utility x2, Weapon x1 7843 | -8/Materials | Build established: Derelict-Tank 8187 | -8/Materials | Build established: Tank 8188 | -8/Materials | Repaired Disposable Heat Sink 9029 | -8/Materials | Discovered new exit (range 16) 9904 | -8/Materials | Entered Factory 9904 | -7/Factory | Evolved 2 slots: Utility x2 9961 | -7/Factory | Identified exit to Lower Caves 10265 | -7/Factory | Build established: Scavenger-Skirmisher 10646 | -7/Factory | Central database locked down 10962 | -7/Factory | Discovered new exit (range 16) 11362 | -7/Factory | Fabricated Lgt. Armored Exoskeleton (x1) 11454 | -7/Factory | Fabricated Lgt. Armored Exoskeleton? 11623 | -7/Factory | Fabricated Adv. Plasma Cannon (x2) 11674 | -7/Factory | Fabricated Lgt. Armored Exoskeleton (x1) 11916 | -7/Factory | Garrison activated, responded to threat 12040 | -7/Factory | Build established: Skirmisher 12682 | -7/Factory | Entered Lower Caves 13326 | -7/Lower Caves | Encountered a Warlord checkpoint 14405 | -7/Lower Caves | Discovered new exit (range 14) 14452 | -7/Lower Caves | Spotted B-75 Beast 14513 | -7/Lower Caves | Identified exit to Lower Caves 14515 | -7/Lower Caves | Entered another Lower Caves area 14739 | -7/Lower Caves | Discovered new exit (range 12) 14975 | -7/Lower Caves | Learned location of Extension (-5) 14975 | -7/Lower Caves | Learned location of 1 exit from Research 14975 | -7/Lower Caves | Learned Extension emergency access door positions 14975 | -7/Lower Caves | Learned Factory stockpile data 14975 | -7/Lower Caves | Learned Armory stockpile data 14975 | -7/Lower Caves | Learned Research security intel 14975 | -7/Lower Caves | Learned Extension garrison access intel 15467 | -7/Lower Caves | Discovered new exit (range 9) 15509 | -7/Lower Caves | Identified exit to Data Miner 15910 | -7/Lower Caves | Encountered a Warlord checkpoint 16005 | -7/Lower Caves | Learned Factory stockpile data 16713 | -7/Lower Caves | Entered Data Miner 16713 | -7/Data Miner | Discovered new exit (range 6) 16727 | -7/Data Miner | Identified exit to Proximity Caves 16762 | -7/Data Miner | Met Data Miner 16812 | -7/Data Miner | Learned location of Section 7 (-2) 16812 | -7/Data Miner | Acquired the access code to Warlord's prototype stash 16843 | -7/Data Miner | Received God Mode back door access code from Data Miner 16880 | -7/Data Miner | Data Conduit disabled 17035 | -7/Data Miner | Build established: Mutant 17363 | -7/Data Miner | Entered Proximity Caves 17363 | -6/Proximity Caves | Accompanied by 2 allies 17708 | -6/Proximity Caves | Build established: Skirmisher 17840 | -6/Proximity Caves | Discovered new exit (range 9) 17856 | -6/Proximity Caves | Identified exit to Factory 18851 | -6/Proximity Caves | Entered Factory 18851 | -6/Factory | Accompanied by 2 allies 18851 | -6/Factory | Evolved 2 slots: Power x1, Propulsion x1 19268 | -6/Factory | Identified exit to Lower Caves 19366 | -6/Factory | Repaired Lgt. Armored Exoskeleton 21665 | -6/Factory | Discovered new exit (range 15) 21787 | -6/Factory | Identified exit to Factory 22555 | -6/Factory | Entered Lower Caves 22894 | -6/Lower Caves | A Derelict revealed a hidden shortcut to a safe place 22918 | -6/Lower Caves | Identified exit to Zion 23455 | -6/Lower Caves | Attracted the attention of an 0b10 checkpoint 23507 | -6/Lower Caves | Learned 4 Factory zone layouts 23667 | -6/Lower Caves | Learned Factory trap positions 23667 | -6/Lower Caves | Learned Research trap positions 23667 | -6/Lower Caves | Learned Armory stockpile data 23667 | -6/Lower Caves | Learned Extension terminal intel 23667 | -6/Lower Caves | Learned Armory terminal intel 23667 | -6/Lower Caves | Learned Extension garrison access intel 24426 | -6/Lower Caves | Encountered a Warlord checkpoint 25017 | -6/Lower Caves | Discovered new exit (range 16) 25052 | -6/Lower Caves | Identified exit to Lower Caves 25207 | -6/Lower Caves | Entered another Lower Caves area 25344 | -6/Lower Caves | Discovered exit to Factory (range 11) 25578 | -6/Lower Caves | Spotted B-75 Beast 25582 | -6/Lower Caves | Destroyed B-75 Beast 25854 | -6/Lower Caves | Encountered a Warlord checkpoint 26476 | -6/Lower Caves | Discovered exit to Zion (range 13) 27170 | -6/Lower Caves | Entered Zion 27429 | -6/Zion | System corruption cleaned by Quarantine Array 27469 | -6/Zion | Build established: Mutant 27858 | -6/Zion | Discovered new exit (range 13) 27875 | -6/Zion | Found Unknown Piercing Weapon 27876 | -6/Zion | Identified CR-A16's Pointy Stick 27917 | -6/Zion | Build established: Skirmisher 29015 | -6/Zion | Found Prototype Special Weapon 29015 | -6/Zion | Identified RU-N14's Throwing Claymores 29093 | -6/Zion | Visited the Megawrench Repair Shop 29098 | -6/Zion | Megawrench repaired 11 parts 29735 | -6/Zion | Identified exit to Proximity Caves 29738 | -6/Zion | Entered Proximity Caves 30206 | -5/Proximity Caves | Received a Behemoth hack from an annoying Tinkerer 30430 | -5/Proximity Caves | Discovered exit to Factory (range 9) 31126 | -5/Proximity Caves | Learned location of 1 exit from Factory 31243 | -5/Proximity Caves | Entered Factory 31243 | -5/Factory | Evolved 2 slots: Utility x2 31244 | -5/Factory | Identified exit to Upper Caves 31245 | -5/Factory | Identified exit to Factory 31247 | -5/Factory | Loaded intel: 83 trap records 31531 | -5/Factory | Build established: Hacker-Gunner 32090 | -5/Factory | Discovered new exit (range 14) 32892 | -5/Factory | Identified exit to Extension 32899 | -5/Factory | Entered Extension 32901 | -5/Extension | Loaded intel: 11 terminal locations 32998 | -5/Extension | Rescued a captive Derelict 33407 | -5/Extension | Rescued a captive Derelict 33407 | -5/Extension | Rescued a captive Derelict 33754 | -5/Extension | Build established: Commander-Gunner 34171 | -5/Extension | Spotted B-75 Beast 34195 | -5/Extension | Destroyed B-75 Beast 34195 | -5/Extension | Spotted B-75 Beast 34226 | -5/Extension | Revealed the true nature of CR-A16's Pointy Stick 34231 | -5/Extension | Destroyed B-75 Beast 34337 | -5/Extension | Rescued A7 34411 | -5/Extension | Rescued a captive Derelict 34458 | -5/Extension | Repaired Neutrino Core 34479 | -5/Extension | Build established: Hacker-Gunner 34612 | -5/Extension | Rescued a captive Derelict 34613 | -5/Extension | Rescued a captive Derelict 34637 | -5/Extension | Rescued a captive Derelict 34637 | -5/Extension | Rescued a captive Derelict 34667 | -5/Extension | Rescued a captive Derelict 34675 | -5/Extension | Rescued a captive Derelict 34676 | -5/Extension | Rescued a captive Derelict 34723 | -5/Extension | Rescued a captive Derelict 34757 | -5/Extension | Discovered exit to Factory (range 10) 34759 | -5/Extension | Discovered new exit (range 6) 34802 | -5/Extension | Identified exit to Cetus 34819 | -5/Extension | Disrupted transfer network 34819 | -5/Extension | Entered Cetus 34819 | -5/Cetus | Accompanied by 12 allies (A7) 34824 | -5/Cetus | Acquired a Cetus Manufacturing Module code from A7 34852 | -5/Cetus | Spotted Cetus Guard 34852 | -5/Cetus | Spotted Cetus Guard 34854 | -5/Cetus | Spotted Cetus Guard 34856 | -5/Cetus | Allies destroyed Cetus Guard 34860 | -5/Cetus | Spotted Cetus Guard 34869 | -5/Cetus | Destroyed Cetus Guard 34871 | -5/Cetus | Allies destroyed Cetus Guard 34876 | -5/Cetus | Allies destroyed Cetus Guard 34992 | -5/Cetus | Started Cetus Manufacturing Module 35017 | -5/Cetus | Manufactured an Enhanced Grunt 35042 | -5/Cetus | Manufactured an Enhanced Grunt 35044 | -5/Cetus | Cetus Manufacturing Module disabled 35069 | -5/Cetus | Escorted A7 to Cetus Mainframe 35098 | -5/Cetus | Discovered new exit (range 16) 35145 | -5/Cetus | Spotted Cetus Guard 35146 | -5/Cetus | Spotted Cetus Guard 35148 | -5/Cetus | Spotted Cetus Guard 35150 | -5/Cetus | Spotted Cetus Guard 35153 | -5/Cetus | Allies destroyed Cetus Guard 35163 | -5/Cetus | Allies destroyed Cetus Guard 35168 | -5/Cetus | Destroyed Cetus Guard 35169 | -5/Cetus | Allies destroyed Cetus Guard 35285 | -5/Cetus | Found Prototype Protection 35285 | -5/Cetus | Identified Med. Regenerative Plating 35318 | -5/Cetus | Discovered exit to Factory (range 15) 35382 | -5/Cetus | Identified exit to Archives 35391 | -5/Cetus | Entered Archives 35391 | -5/Archives | Accompanied by 4 allies (A7) 35419 | -5/Archives | Extracted ID and sensor layout for unrecognized location from A7's data core 35545 | -5/Archives | Discovered new exit (range 16) 35597 | -5/Archives | Discovered exit to Factory (range 16) 35691 | -5/Archives | Discovered new exit (range 16) 35735 | -5/Archives | Identified exit to Hub_04(d) 35743 | -5/Archives | Entered Hub_04(d) 35743 | -5/Hub_04(d) | Accompanied by 2 allies 37085 | -5/Hub_04(d) | Spotted B-75 Beast 37087 | -5/Hub_04(d) | Destroyed B-75 Beast 37088 | -5/Hub_04(d) | Crushed by falling debris 37122 | -5/Hub_04(d) | System corruption reached 10% 37350 | -5/Hub_04(d) | Network Hub disabled 37409 | -5/Hub_04(d) | Entered Factory 37409 | -4/Factory | Accompanied by 2 allies 37409 | -4/Factory | Evolved 2 slots: Propulsion x1, Utility x1 37410 | -4/Factory | Identified exit to Research 37700 | -4/Factory | Build established: Hacker-Skirmisher 38293 | -4/Factory | Spotted B-86 Titan 38303 | -4/Factory | Identified exit to Upper Caves 38303 | -4/Factory | Identified exit to Armory 38315 | -4/Factory | Destroyed B-86 Titan 38492 | -4/Factory | Fabricated Adv. Weapon Cycler? 38504 | -4/Factory | Fabricated Med. Armored Exoskeleton (x1) 38693 | -4/Factory | Lost 3 parts (2p1w) 38923 | -4/Factory | Build established: Scavenger-Gunner 39096 | -4/Factory | Entered Upper Caves 39268 | -4/Upper Caves | Learned location of Armory (-4) 39437 | -4/Upper Caves | Attracted the attention of an 0b10 checkpoint 39602 | -4/Upper Caves | Discovered new exit (range 15) 39634 | -4/Upper Caves | Identified exit to Upper Caves 39981 | -4/Upper Caves | Entered another Upper Caves area 40399 | -4/Upper Caves | Learned 12 Research zone layouts 40662 | -4/Upper Caves | Attracted the attention of an 0b10 checkpoint 40697 | -4/Upper Caves | Destroyed 8 combat bots 40972 | -4/Upper Caves | Discovered new exit (range 14) 40997 | -4/Upper Caves | Identified exit to Zhirov 41388 | -4/Upper Caves | Entered Zhirov 41388 | -4/Zhirov | Discovered new exit (range 3) 41393 | -4/Zhirov | Identified exit to Proximity Caves 41415 | -4/Zhirov | Met Zhirov 41438 | -4/Zhirov | Learned location of Quarantine (-2) 41438 | -4/Zhirov | Learned location of Testing (-3) 41438 | -4/Zhirov | Learned location of Command (-1) 41450 | -4/Zhirov | Zhirov requested help retrieving the SGEMP Prototype 41470 | -4/Zhirov | Found Alien Artifact 41470 | -4/Zhirov | Identified Integrated Reactor 41470 | -4/Zhirov | Installed Integrated Reactor, increased core energy generation (+10) 41552 | -4/Zhirov | Found Alien Artifact 41606 | -4/Zhirov | Entered Proximity Caves 42308 | -3/Proximity Caves | Lost 5 parts (2p3w) 42398 | -3/Proximity Caves | Spotted B-86 Titan 42525 | -3/Proximity Caves | Destroyed B-86 Titan 42575 | -3/Proximity Caves | Discovered exit to Research (range 5) 42776 | -3/Proximity Caves | Entered Research 42776 | -3/Research | Evolved 2 slots: Power x1, Utility x1 42777 | -3/Research | Identified exit to Testing 42778 | -3/Research | Identified exit to Research 42779 | -3/Research | Loaded intel: 63 trap records 42926 | -3/Research | Found Unknown Protection 42927 | -3/Research | Identified Adv. Powered Armor 43332 | -3/Research | Entered Testing 43354 | -3/Testing | Found Prototype Energy Gun 43354 | -3/Testing | Identified Hyp. EM Gauss Rifle 44028 | -3/Testing | Found Prototype Device 44028 | -3/Testing | Identified Exp. Shield Generator 44100 | -3/Testing | Found Prototype Ballistic Gun 44101 | -3/Testing | Identified Hyp. Multirail 44205 | -3/Testing | Found Gamma Bomb Array 44272 | -3/Testing | Found Prototype Launcher 44272 | -3/Testing | Identified Tactical Quantum Warhead 44273 | -3/Testing | System corruption reached 10% 44310 | -3/Testing | Repaired Med. Armored Exoskeleton 44417 | -3/Testing | Build established: Scavenger-Mutant 44962 | -3/Testing | Garrison activated, responded to threat 45071 | -3/Testing | Destroyed 15 combat bots 45206 | -3/Testing | Fabricated Heavy Servo Lattice? 45268 | -3/Testing | Spotted PH-5WY85Q8RBU 45323 | -3/Testing | Destroyed PH-5WY85Q8RBU 45332 | -3/Testing | First assault squad dispatched 45339 | -3/Testing | Found Prototype Device 45339 | -3/Testing | Identified Exp. Phase Shifter 45353 | -3/Testing | Found Prototype Processor 45353 | -3/Testing | Identified Exp. Targeting Computer 45489 | -3/Testing | Found Prototype Hackware 45489 | -3/Testing | Identified Exp. Hacking Suite 45685 | -3/Testing | Destroyed 8 combat bots 45789 | -3/Testing | Found Prototype Processor 45789 | -3/Testing | Identified Exp. Target Analyzer 45821 | -3/Testing | Build established: Hacker-Mutant 45904 | -3/Testing | Discovered exit to Research (range 16) 45966 | -3/Testing | Found Prototype Protection 46087 | -3/Testing | Found Prototype Energy Cannon 46087 | -3/Testing | Identified Null Cannon 46433 | -3/Testing | Entered Research 46433 | -2/Research | Evolved 2 slots: Utility x2 46434 | -2/Research | Identified SHELL Armor 46476 | -2/Research | Identified exit to Quarantine 46683 | -2/Research | First assault squad dispatched 46750 | -2/Research | Build established: Hacker-Gunner 46849 | -2/Research | Garrison activated, responded to threat 47348 | -2/Research | Garrison activated, responded to threat 47351 | -2/Research | System corruption reached 10% 47834 | -2/Research | Entered Quarantine 48084 | -2/Quarantine | First assault squad dispatched 48234 | -2/Quarantine | Discovered new exit (range 14) 48375 | -2/Quarantine | Identified Transdimensional Reconstructor 48375 | -2/Quarantine | Warped through subspace 48548 | -2/Quarantine | Destroyed 8 combat bots 48729 | -2/Quarantine | Found Alien Artifact 48769 | -2/Quarantine | Found Alien Energy Cannon 48786 | -2/Quarantine | Build established: Hacker-Mutant 48825 | -2/Quarantine | Found Alien Impact Weapon 48977 | -2/Quarantine | Identified Core Reset Matrix 48977 | -2/Quarantine | Identified Core Stripper 48977 | -2/Quarantine | Used Core Reset Matrix 48981 | -2/Quarantine | Detected hypermatrix surge 48981 | -2/Quarantine | Sensed 16 artifacts in vicinity 49183 | -2/Quarantine | Found Transdimensional Reconstructor 49189 | -2/Quarantine | Found Hpw. Transdimensional Reconstructor 49434 | -2/Quarantine | Cryocooling Duct disabled 49449 | -2/Quarantine | Ambient heat levels rising (+20) 49449 | -2/Quarantine | Non-combat units ordered to evacuate 49451 | -2/Quarantine | Build established: Scavenger-Mutant 49714 | -2/Quarantine | Found Subatomic Replicator 49890 | -2/Quarantine | Spotted Fortress 49924 | -2/Quarantine | Destroyed Fortress 49940 | -2/Quarantine | Found Prototype Device 49940 | -2/Quarantine | Identified Thermal Barrier 49944 | -2/Quarantine | Found Prototype Device 49944 | -2/Quarantine | Identified Exp. EM Disruption Field 49950 | -2/Quarantine | Found Prototype Reactor 49950 | -2/Quarantine | Identified Vortex Chain Reactor 49954 | -2/Quarantine | Found Vortex Chain Reactor 49959 | -2/Quarantine | Found Prototype Device 49959 | -2/Quarantine | Identified Exp. Force Field 50126 | -2/Quarantine | Discovered new exit (range 5) 50132 | -2/Quarantine | Identified exit to Section 7 50134 | -2/Quarantine | Entered Section 7 50135 | -2/Section 7 | Sensed 21 artifacts in vicinity 50183 | -2/Section 7 | Found Integrated Thermoelectric Network 50183 | -2/Section 7 | Installed Integrated Thermoelectric Network, gained heat-energy exchange potential 50813 | -2/Section 7 | Found Unknown Device 50813 | -2/Section 7 | Identified Quantum Capacitor 50871 | -2/Section 7 | Found Integrated Reactor 50871 | -2/Section 7 | Installed Integrated Reactor, increased core energy generation (+10) 50874 | -2/Section 7 | Scanned by Researcher 50895 | -2/Section 7 | Build established: Hacker-Mutant 50912 | -2/Section 7 | Intercept squad dispatched 50914 | -2/Section 7 | Spotted Tracker 50914 | -2/Section 7 | Spotted Tracker 50920 | -2/Section 7 | Spotted Combat Programmer 50923 | -2/Section 7 | Warped through subspace 50925 | -2/Section 7 | First assault squad dispatched 50937 | -2/Section 7 | Found Microwarp Drive 50966 | -2/Section 7 | Warped through subspace 51009 | -2/Section 7 | Found Hpw. Transdimensional Reconstructor 51014 | -2/Section 7 | Found Transdimensional Reconstructor 51017 | -2/Section 7 | Found Transdimensional Reconstructor 51050 | -2/Section 7 | Spotted Executioner 51050 | -2/Section 7 | Spotted Executioner 51071 | -2/Section 7 | Core integrity fell below 50% 51074 | -2/Section 7 | Destroyed Executioner 51078 | -2/Section 7 | Destroyed Executioner 51096 | -2/Section 7 | Found Prototype Processor 51096 | -2/Section 7 | Identified Exp. Core Analyzer 51117 | -2/Section 7 | Destroyed Combat Programmer 51123 | -2/Section 7 | Found Exp. Targeting Computer 51167 | -2/Section 7 | Spotted Combat Programmer 51178 | -2/Section 7 | Destroyed Combat Programmer 51385 | -2/Section 7 | Found Sigix Sheargun 51826 | -2/Section 7 | Found Sigix Sheargun 51829 | -2/Section 7 | Used Subatomic Replicator to replicate Sigix Sheargun 51836 | -2/Section 7 | Found Sigix Sheargun 51899 | -2/Section 7 | Intercept squad dispatched 51913 | -2/Section 7 | Spotted Tracker 51915 | -2/Section 7 | Spotted Tracker 51917 | -2/Section 7 | Spotted Alpha 7 51917 | -2/Section 7 | Spotted Tracker 51918 | -2/Section 7 | Spotted B-99 Colossus 51933 | -2/Section 7 | Destroyed Tracker 51938 | -2/Section 7 | Destroyed Tracker 51942 | -2/Section 7 | Destroyed Tracker 51945 | -2/Section 7 | Spotted Combat Programmer 51946 | -2/Section 7 | Spotted Combat Programmer 51950 | -2/Section 7 | Spotted Combat Programmer 51964 | -2/Section 7 | Warped through subspace 51965 | -2/Section 7 | Core integrity fell below 20% 51993 | -2/Section 7 | Lost 7 parts (2p1n3u1w) 52101 | -2/Section 7 | Build established: Scavenger-Mutant 52325 | -2/Section 7 | Found Integrated Reactor 52325 | -2/Section 7 | Installed Integrated Reactor, increased core energy generation (+10) 52415 | -2/Section 7 | Crushed by falling debris 52416 | -2/Section 7 | System corruption reached 30% 52460 | -2/Section 7 | Warped through subspace 52513 | -2/Section 7 | Warped through subspace 52671 | -2/Section 7 | Identified exit to Access 52725 | -2/Section 7 | Found Core Membrane 52749 | -2/Section 7 | Installed Core Membrane, gained immunity to corruption 52795 | -2/Section 7 | Destroyed 12 combat bots 52912 | -2/Section 7 | Destroyed by P-80 Master with Gamma Rifle Last Messages --------------- 52887_ System corrupted: Heat flow error (+169). 52903_ Connecting with Terminal... 52903_ ALERT: Suspicious activity at Terminal 7009. Dispatching Investigation squad. 52903_ Quantum Shear penetrates Wall. 52903_ Quantum Shear penetrates Earth. 52903_ Quantum Shear penetrates Wall. 52905_ Quantum Shear penetrates P-80 Master. 52905_ Destroyed Unknown Storage. 52906_ System corrupted: Matter fused (-6). 52907_ Quantum Shear penetrates P-80 Master. 52909_ P-80 Master destroyed. 52909_ Switching to secondary target: P-80 Master. 52909_ Quantum Shear penetrates P-80 Master. 52909_ Cell Assembler disabled. 52909_ Quantum Shear penetrates P-80 Master. 52909_ Particle Accelerator destroyed. 52911_ System corrupted: Sigix Sheargun failed to cycle. 52911_ Quantum Shear penetrates P-80 Master. 52912_ Core Membrane filtered system corruption (1). Map ----- +----------------------------------------------------+ | ??##"##+##+##?????????? ????????????????????##??# | | ??# #?????????? ??????????"""!"######"###% | | ??# !!!#?????????? ?????????? =%=% [[ !]= | | ??# """ !!!#?????????? ?????????? %]=! *|% *% | | ??#|""" !! #??????????#??????????""|"######%=###= | | ###[""" #??????????????????????????# == # | | !##!!= #??????????????????????????# "" =! # | | =!%%""" """ #??????????????????????????# "" # | | [!"*""" """ #??????????????????????????# """"%$# | | =|+!""" """?#??????????????????????????# """ ! /! | | [#!! ????????????????????????????# """""%% | | # # """ "????????????????????????????# "" $$"% | | # # """ "" ???????????????????????????# "" # | | # # """ G????????????????????????????# # | | # # ""????????????????????????????########## | | # # ?????????#"???????????????????????????????# | | # #[ !?????????# "?????????????????????????????? | | ?+?#+#??????????" "?????????????????????????????## | | ???? ????????????" ?????????????????????????????? | | ???? ?????????????" ???###??????????????????????? | | ???? ?????????????? ??# #??????????????????????? | | ???? ??????????????? ?# #??????????????????????? | | ???? ???????????????? ## #??????????????????????? | | ?????????????????????##;#;####???????????????????? | | ????????????????????? p T ###########?????????? | | ????????????????????? #@ # "/?????????? | | ?????????????????????# # # "%#?????????? | | ?????????????????????# #! # "#?????????? | | ?????????????????????# #!! # #?????????? | | ?????????????????????# #%*| # "" "" #?????????? | | ?????????????????????# #=! # "" "" #?????????? | | ?????????????????????# +[ # """ #?????????? | | ?????????????????????# # # %#?????????? | | ????????????????????## #;############/#?????##### | | ????????????????????# ;??????????? = ????? | | ????????????????????+ ;??????????? ???? | | ????????????????????# ;?????????? ??? | | ????????????????????# ;?????????? % ? | | ????????????????????# ;????????? ######## | | ????????????????????# ;????????? #??????# | | ???????? ???????????# ########## #??????# | | ???????"????????????# ???????# | | ?????# ?????????????# ???????# | | ????# #?????????????# ???????# | | ???# #??????????????# ???????# | | ??# #???????????????## #######+#### ##???????# | | ?# #?????????????????# #??????????# ?????????# | | # #??????????????????# #??????????? ?????????# | | #???????????????????# #?????????????????????# | | #????????????????????# #???!?????????????????# | +----------------------------------------------------+ Best States ------------- Heat Dissipation 139 Coolant Potential 50 Energy Generation 128 Energy Capacity 950 Matter Stores 300 Matter Capacity 300 Sight Range 21 Robot Scan Range 16 Terrain Scan Density 10 Jamming Range 16 Power Amplification 40 Armor Coverage 900 Resistance: KI 20 Resistance: TH 25 Resistance: EM 75 Weapon Cycling 25 Phase Shifting 20 Evasion (%) 60 Targeting Accuracy 24 Core Analysis 8 Recoil Reduction 3 Particle Charging 30 Offensive Hacking 28 Item Schematics ----------------- Med. Armored Exoskeleton | -2/Quarantine | Scanalyzed Hvy. Armored Exoskeleton | -2/Quarantine | Hacked Exp. EM Disruption Field | -2/Section 7 | Archive Stealth Drone Bay | -2/Section 7 | Archive Lgt. Antimatter Cannon | -2/Section 7 | Archive Com. Particle Reactor | -2/Section 7 | Archive Robot Schematics ------------------ T-07 Excavator | -2/Section 7 | Archive Fabricated ------------ Lgt. Armored Exoskeleton | x1 | -7/Factory Lgt. Armored Exoskeleton | x1 | -7/Factory Adv. Plasma Cannon | x2 | -7/Factory | Preloaded Lgt. Armored Exoskeleton | x1 | -7/Factory Adv. Weapon Cycler | x2 | -4/Factory Med. Armored Exoskeleton | x1 | -4/Factory Heavy Servo Lattice | x1 | -3/Testing Alien Tech Used ----------------- Integrated Reactor Transdimensional Reconstructor Core Reset Matrix Core Stripper Integrated Thermoelectric Network High-powered Transdimensional Reconstructor Sigix Sheargun Subatomic Replicator Microwarp Drive Core Membrane Achievements -------------- None Challenges ------------ None Game ------ Seed TitaniumMultinovaPod Manual? 0 Play Time 05:26:54 Cumulative 1726.4 hours Start 2023.06.26 @ 19:28:42 End 2023.06.28 @ 20:41:33 Sessions 13 Manual Loads 0 Difficulty Rogue Special Mode None Game No. 607 Rogue 607 Adventurer 0 Explorer 0 Win Type - Total 131 Types 27/13/57/7/1/2/22/1/1 Lore% 95 Gallery% 95 Achievement% 87 Wizard Run 0 Options --------- ASCII 0 Keyboard 0 Movement Numpad Keybinds 0 Fullscreen 2 Font 18/SmallcapsGlow Map View 76x50 Tactical HUD 1 Map Filters NONE Filters NONE Steam 1 RUN: 8f228a55-59af-44da-9e30-d31ac347866d